 Dungeon Crawl Stone Soup version 0.28.0-53-g5a82cb258f (webtiles) character file.

Game seed: 17501463751561398902

78 mcbry74 the Firebug (level 4, -13/33 HPs)
             Began as a Hill Orc Fire Elementalist on July 14, 2022.
             Killed by divine providence
             ... invoked by an orc priest
              (15 damage)
             ... on level 3 of the Dungeon.
             The game lasted 00:10:40 (3218 turns).

mcbry74 the Firebug (Hill Orc Fire Elementalist)    Turns: 3218, Time: 00:10:40

Health: -13/33     AC:  2    Str: 10    XL:     4   Next: 36%
Magic:  1/6        EV: 12    Int: 17    God:
Gold:   70         SH:  0    Dex: 11    Spells: 3/6 levels left

rFire   . . .      SeeInvis .   h - +0 dagger (venom)
rCold   . . .      Faith    .   (no shield)
rNeg    . . .      Spirit   .   a - +0 robe
rPois   .          Reflect  .   (no helmet)
rElec   .          Harm     .   (no cloak)
rCorr   .          Rampage  .   (no gloves)
Will    .....                   (no boots)
Stlth   ++........              (no amulet)
HPRegen 0.11/turn               (no ring)
MPRegen 0.10/turn               (no ring)

@: no status effects
A: no striking features
a: Convert to Beogh


You were on level 3 of the Dungeon.
You visited 1 branch of the dungeon, and saw 3 of its levels.

You collected 193 gold pieces.
You spent 123 gold pieces at shops.

Inventory:

Hand Weapons
 d - a +0 dagger
 h - a +0 dagger of venom (weapon)
Missiles
 b - 21 stones
 n - a throwing net
Armour
 a - a +0 robe (worn)
Scrolls
 c - 2 scrolls of teleportation
 k - a scroll of fog
 l - a scroll of fear {unknown}
 p - 3 scrolls of blinking
Potions
 e - a potion of mutation {unknown}
 g - 2 potions of curing
 i - 2 potions of flight
 j - a potion of cancellation {unknown}
 m - a potion of might {unknown}
 o - a potion of haste {unknown}


   Skills:
 - Level 1.5 Dodging
 - Level 1.5 Stealth
 - Level 1.5 Spellcasting
 + Level 2.0 Conjurations
 * Level 5.1 Fire Magic


You had 3 spell levels left.
You knew the following spells:

 Your Spells              Type           Power      Damage    Failure   Level
a - Foxfire               Conj/Fire      52%        2x1d6     4%          1
b - Scorch                Fire           36%        2d7       3%          2

Your spell library contained the following spells:

 Spells                   Type           Power      Damage    Failure   Level
 Conjure Flame            Conj/Fire      13%        6-21      14%         3
 Inner Flame              Hex/Fire       10%        N/A       22%         3
 Frozen Ramparts          Ice            2%         1d2       52%         3
 Flame Wave               Conj/Fire      13%        2d6       41%         4
 Ice Form                 Ice/Tmut       1%         N/A       90%         4
 Summon Ice Beast         Ice/Summ       1%         N/A       90%         4


Dungeon Overview and Level Annotations

Branches:
Dungeon (3/15)

Altars:
Cheibriados
Hepliaklqana
Qazlal
Zin

Shops:
D:3 ***?


Message History

An orc priest comes into view. It is wielding a +0 flail.
The orc priest looks encouraged for a moment.
The orc priest shouts, "Join the one true god or die!"
A frilled lizard comes into view.
An orc comes into view. It is wielding a +0 hand axe.
There is a stone staircase leading up here.
Casting: Foxfire (safe; 4% risk of failure)
Confirm with . or Enter, or press ? or * to list all spells.
Flames lash the orc priest.
The orc priest is heavily wounded.
The orc priest's fire resistance burns away.
The frilled lizard hisses angrily.
The orc priest shouts, "Join the one true god or die!"
The orc priest calls down the wrath of Beogh upon you.
Pain shoots through your body!
Casting: Scorch (safe; 3% risk of failure)
Confirm with . or Enter, or press ? or * to list all spells.
Flames lash the orc priest but do no damage.
The orc priest shouts, "Beogh is our master!
Accept the truth or die!"
Casting: Scorch (safe; 3% risk of failure)
Confirm with . or Enter, or press ? or * to list all spells.
You conjure some foxfire!
You barely miss the orc priest.
The orc priest is heavily wounded.
The foxfire hits the orc priest but does no damage.
The orc priest is heavily wounded.
The foxfire hits the orc priest.
The orc priest is burned terribly!
The orc priest is severely wounded.
The orc priest shouts, "Join the one true god or die!"
The orc priest invokes the aid of Beogh against you.
Beogh smites you!
The orc priest calls down the wrath of Beogh upon you.
Beogh smites you!
* * * LOW HITPOINT WARNING * * *
An orc comes into view. It is wielding a +0 trident.
The orc shouts!
The orc priest shouts, "Join the one true god or die!"
The orc priest calls down the wrath of Beogh upon you.
Beogh smites you!
You die...

.###.# #..##...#. .#.... ....o
##.##....#. .#.#.# .∩..#
#..#....##. ##.#.### # #...#
#†##...##.. #.#..##.### #...#
##.#...##..#
#.#.......####.o.####†.#.###..##
##.#..##........o....#..#.....###
.)..............l....#.....####..
##............(o@....#.#####..###
##.#..#..#.###...§.>##........# #
##.........# #....#.#####.#.#.# #
##.#..#..#.# #....# # #.#.#.###
.#.......# #....#.# #........
...........# #....#.#####.#######
.####.########......##.##..# #
.####.#.......#†..###..##..# #
.^.........##......#.......#### #


You could see 2 orc priests, 2 orcs and a frilled lizard.

Vanquished Creatures
  2 adders
  A worm (D:2)
  A dart slug (D:1)
  7 bats
  4 endoplasms
  3 giant cockroaches
  6 goblins
  A hobgoblin (D:3)
  3 jackals (D:2)
  4 kobolds
  6 quokkas
  5 ball pythons
  4 frilled lizards
  5 rats
52 creatures vanquished.

Vanquished Creatures (others)
  79 foxfires
79 creatures vanquished.

Grand Total: 131 creatures vanquished

Notes
Turn   | Place    | Note
-------+----------+-------------------------------------------
     0 | D:1      | mcbry74 the Hill Orc Fire Elementalist began the quest for
                  | the Orb.
     0 | D:1      | Reached XP level 1. HP: 14/14 MP: 3/3
   183 | D:1      | Reached XP level 2. HP: 20/20 MP: 1/4
   216 | D:1      | Learned a level 2 spell: Scorch
   243 | D:1      | Reached skill level 4 in Fire Magic
   906 | D:1      | Reached XP level 3. HP: 26/26 MP: 5/5
  1837 | D:2      | Found a faded altar of an unknown god.
  2546 | D:3      | Found a hazy altar of Hepliaklqana.
  2550 | D:3      | Found Muot's General Store.
  2703 | D:3      | Found Kibrib's General Store.
  2713 | D:3      | Reached XP level 4. HP: 31/33 MP: 3/6
  2753 | D:3      | Found Sevip's Magic Scroll Shop.
  2763 | D:3      | Bought a scroll of blinking for 97 gold pieces
  2763 | D:3      | Bought a scroll of identify for 26 gold pieces
  2933 | D:3      | Reached skill level 5 in Fire Magic
  3033 | D:3      | Found a glowing silver altar of Zin.
  3034 | D:3      | Found a stormy altar of Qazlal.
  3098 | D:3      | Found a snail-covered altar of Cheibriados.
  3206 | D:3      | Found Diyr's General Store.
  3218 | D:3      | Killed from afar by an orc priest

Illustrated notes

Levels and vault maps discovered:
D:1:      onia_arrival_handbag, layout_loops_ring
D:2:      layout_basic, hellmonk_ecumenical_altar_dog_temple
D:3:      minmay_evil_eye, layout_loops_cross, grunt_temple_overflow_open,
          amcnicky_altar_gilded, serial_shops, nicolae_shop_crystal,
          nicolae_shop_window_shopping, nicolae_square_shop, shop, shop,
          kennysheep_generic_room_14

Skill      XL: |  1  2  3  4 |
---------------+-------------+-----
Fire Magic     | 4 5 |  5.1
Conjurations   | 2 |  2.0
Dodging        | |  1.5
Stealth        | |  1.5
Spellcasting   | |  1.5

Action                   |  1- 3 |  4- 6 || total
-------------------------+-------+-------++-------
Melee: Dagger            |    61 |    12 ||    73
       Punch             |     2 |       ||     2
 Cast: Foxfire           |    35 |    13 ||    48
       Scorch            |     1 |     4 ||     5
  Use: Scroll            |       |     4 ||     4
 Stab: Sleeping          |     1 |     1 ||     2
Armor: Robe              |     8 |     1 ||     9
Dodge: Dodged            |    52 |     5 ||    57
